 Dungeon Crawl Stone Soup version 0.22-a0-782-g038298e (webtiles) character file.

496 Kuinu the Firebug (level 6, -1/45 HPs)
             Began as a Draconian Fire Elementalist on July 20, 2018.
             Was an Initiate of Sif Muna.
             Slain by a bullfrog zombie (3 damage)
             ... on level 5 of the Dungeon.
             The game lasted 00:19:31 (4986 turns).

Kuinu the Firebug (Draconian Fire Elementalist)     Turns: 4986, Time: 00:19:31

Health: -1/45      AC: 12    Str: 10    XL:     6   Next: 93%
Magic:  3/11       EV:  7    Int: 17    God:    Sif Muna [......]
Gold:   247        SH:  0    Dex: 12    Spells: 6/12 levels left

rFire    . . .     SeeInvis .   a - +2 dagger (holy)
rCold    . . .     Gourm    .   (no shield)
rNeg     + . .     Faith    .   (armour unavailable)
rPois    .         Spirit   .   (helmet restricted)
rElec    .         Reflect  .   (no cloak)
rCorr    .         Harm     .   c - +0 pair of gloves
MR       .....                  (no boots)
Stlth    ++........             (no amulet)
HPRegen  0.15/turn              i - +5 ring of protection
MPRegen  0.12/turn              k - ring of positive energy

@: held
A: unfitting armour, cold-blooded, AC +6
a: Renounce Religion


You were on level 5 of the Dungeon.
You worshipped Sif Muna.
Sif Muna was noncommittal.
You were not hungry.

You visited 1 branch of the dungeon, and saw 5 of its levels.

You collected 247 gold pieces.

Inventory:

Hand Weapons
 a - a +2 dagger of holy wrath (weapon)
Armour
 c - a +0 pair of gloves (worn)
Jewellery
 e - an uncursed ring of resist corrosion
 i - a +5 ring of protection (left hand)
 k - a ring of positive energy (right hand)
Wands
 m - a wand of flame (16)
Scrolls
 f - a scroll of remove curse
 h - a scroll of immolation
 n - 2 scrolls of magic mapping
 o - 2 scrolls of enchant armour
 q - 2 scrolls of identify
Potions
 d - a potion of resistance
 g - 2 potions of mutation {unknown}
 l - a potion of flight {unknown}
 p - a potion of might {unknown}
 r - a potion of brilliance {unknown}
Comestibles
 b - 4 rations


   Skills:
 + Level 2.8 Dodging
 + Level 3.0 Stealth
 * Level 3.8 Spellcasting
 * Level 3.7 Conjurations
 * Level 4.7 Fire Magic


You had 6 spell levels left.
You knew the following spells:

 Your Spells              Type           Power        Failure   Level  Hunger
a - Flame Tongue          Conj/Fire      ###..        2%          1    None
b - Throw Flame           Conj/Fire      ###...       4%          2    ##.....
c - Conjure Flame         Conj/Fire      ###.....     9%          3    ###....

Your spell library contained the following spells:

 Spells                   Type           Power        Failure   Level  Hunger
 Fireball                 Conj/Fire      ###.......   61%         5    ######.
 Sticky Flame             Conj/Fire      ###.....     28%         4    ####...
 Inner Flame              Hex/Fire       ##......     19%         3    ###....


Dungeon Overview and Level Annotations

Branches:
Dungeon (5/15)
 Temple: D:4-7

Altars:
Cheibriados
Nemelex Xobeh
Ru
Sif Muna

Annotations:
D:2 Sigmund
D:4 Menkaure


Innate Abilities, Weirdness & Mutations

Your plain brown scales are hard. (AC +6)
You cannot fit into any form of body armour.
You are cold-blooded and may be slowed by cold attacks.


Message History

The gnoll closely misses you. The gnoll barely misses you.
Something hits you but does no damage.
The gnoll shouts!
You hear a shout!
The gnoll hits you but does no damage.
The gnoll shouts!
The gnoll throws a throwing net.
The throwing net hits you.
You become entangled in the net!
Found a scroll of remove curse.
You see here a throwing net.
You tear a large gash into the net.
The gnoll hits you from afar with a spear.
* * * LOW HITPOINT WARNING * * *
Something hits you.
* * * LOW HITPOINT WARNING * * *
You struggle against the net.
The gnoll hits you but does no damage.
You struggle against the net.
The orc closely misses you. The gnoll closely misses you.
The gnoll hits you but does no damage. Something hits you but does no damage.
The orc hits you but does no damage. The bullfrog zombie hits you.
You die...

+.......... .....?#
#.......... .....#
#.......... #######....#
#........ #.....#....#
#......##+.
#.....#....#####......#...
#.....+..............†'...
#.....#...Z.<[........#...
#.....#..@og.g........# ..
#....<#..{og....###)### .
#.....#####.....+....#
#......# #.....#....#
#......# #.....#....#
#.....###+#.....#....#
##>....##..#.....#....#
............#.....#....#
............#.....'....#


You could see 3 gnolls, 2 orcs and a bullfrog zombie.

Vanquished Creatures
  3 howler monkeys
  A hound (D:4)
  2 jellies
  An orc priest (D:5)
  3 worker ants
  An orc wizard (D:3)
  4 adders
  A gnoll (D:5)
  An ooze (D:3)
  4 dart slugs (D:1)
  2 leopard geckos
  14 orcs
  7 bats
  5 giant cockroaches
  10 goblins
  5 hobgoblins
  9 jackals
  10 kobolds
  A ball python skeleton (D:5)
  5 frilled lizards
  6 rats
95 creatures vanquished.

Notes
Turn   | Place    | Note
-------+----------+-------------------------------------------
     0 | D:1      | Kuinu the Draconian Fire Elementalist began the quest for the Orb.
     0 | D:1      | Reached XP level 1. HP: 14/14 MP: 3/3
   152 | D:1      | Reached XP level 2. HP: 20/20 MP: 0/5
   186 | D:1      | Learned a level 2 spell: Throw Flame
   758 | D:1      | Reached XP level 3. HP: 25/26 MP: 3/6
  1163 | D:1      | Learned a level 3 spell: Conjure Flame
  1758 | D:2      | Found a faded altar of an unknown god.
  2401 | D:2      | Noticed Sigmund
  2778 | D:2      | Reached XP level 4. HP: 31/33 MP: 3/8
  3382 | D:3      | Reached XP level 5. HP: 38/38 MP: 0/9
  3890 | D:4      | Noticed Menkaure
  3943 | D:4      | Reached skill level 4 in Fire Magic
  4172 | D:4      | Reached XP level 6. HP: 38/45 MP: 3/11
  4624 | D:4      | Found a snail-covered altar of Cheibriados.
  4625 | D:4      | Found a sparkling altar of Nemelex Xobeh.
  4625 | D:4      | Found a sacrificial altar of Ru.
  4635 | D:4      | Found a deep blue altar of Sif Muna.
  4643 | D:4      | Became a worshipper of Sif Muna the Loreminder
  4751 | D:5      | Entered Level 5 of the Dungeon
  4984 | D:5      | HP: 2/45 [something (4)]
  4986 | D:5      | Slain by a bullfrog zombie

Vault maps used:
D:1:      dpeg_arrival_tiny_a, kennysheep_crisscross, st_stairs_11
D:2:      chequers_ecumenical_altar_simple, kennysheep_decorative_pillar,
          uniq_sigmund
D:3:      first_ration, minmay_misc_feat_five
D:4:      chequers_temple_overflow_statue_of_worship, gammafunk_ghost_grave,
          uniq_menkaure, uniq_crazy_yiuf_cottage
D:5:      yredelemnul_altar_generic, gup_sewer_entry_bowl, minivault_25,
          uniq_grinder

Skill      XL: |  1  2  3  4  5  6 |
---------------+-------------------+-----
Stealth        | 2 3 |  3.0
Dodging        | 2 |  2.8
Conjurations   | 2 3 |  3.7
Spellcasting   | 3 |  3.8
Fire Magic     | 4 |  4.7

Action                   |  1- 3 |  4- 6 || total
-------------------------+-------+-------++-------
Melee: Dagger            |    57 |   141 ||   198
       Unarmed           |     4 |       ||     4
       Tailslap          |     7 |    17 ||    24
 Cast: Flame Tongue      |    25 |    44 ||    69
       Throw Flame       |    30 |    30 ||    60
       Conjure Flame     |       |     3 ||     3
Evoke: Wand              |       |    14 ||    14
  Use: Scroll            |     3 |     7 ||    10
  Eat: Chunk             |     5 |     8 ||    13
       Ration            |     1 |       ||     1
Armor: Skin              |    19 |    71 ||    90
Dodge: Dodged            |    44 |    94 ||   138

Table legend:
 A = Spawn XP
 B = Non-spawn XP
 C = Spawn XP percentage of total XP
 D = Spawn monster count
 E = Non-spawn monster count
 F = Spawn count percentage of total count
 G = Total turns spent on level
                    A         B        C        D         E        F      G
               +---------+---------+-------+---------+---------+-------+---------
         Total |       0 |     709 |   0.0 |       0 |      95 |   0.0 |  4986
               +---------+---------+-------+---------+---------+-------+---------
           D:1 |       0 |      56 |   0.0 |       0 |      30 |   0.0 |  1559
           D:2 |       0 |      42 |   0.0 |       0 |      15 |   0.0 |  1224
           D:3 |       0 |     147 |   0.0 |       0 |      22 |   0.0 |  1423
           D:4 |       0 |     255 |   0.0 |       0 |      14 |   0.0 |   545
           D:5 |       0 |     209 |   0.0 |       0 |      14 |   0.0 |   235
               +---------+---------+-------+---------+---------+-------+---------
